 Dungeon Crawl Stone Soup version 0.31-a0-700-gf13585253f (webtiles) character file.

Game seed: 11193683253851222680

67 qw the Shooter (level 4, -7/28 HPs)
             Began as a Gargoyle Hunter on Sept 7, 2023.
             Mangled by a gnoll
             ... wielding a +0 whip
              (8 damage)
             ... on level 2 of the Dungeon.
             The game lasted 00:00:27 (1221 turns).

qw the Shooter (Gargoyle Hunter)                    Turns: 1221, Time: 00:00:27

Health: -7/28      AC:  6    Str: 14    XL:     4   Next: 18%
Magic:  4/4        EV: 12    Int: 10    God:
Gold:   40         SH:  0    Dex: 15    Spells: 3/3 levels left

rFire   . . .        Y - +0 shortbow
rCold   . . .        (shield currently unavailable)
rNeg    + . .        e - +1 robe {Will+}
rPois   inf          (no helmet)
rElec   +            (no cloak)
rCorr   .            (no gloves)
SInv    .            (no boots)
Will    +....        f - amulet of regeneration
Stlth   ++           (no ring)
HPRegen 1.04/turn    (no ring)
MPRegen 0.09/turn

%: no passive effects
@: no status effects
A: sickness immunity, AC +3, negative energy resistance 1, electricity
resistance, torment resistance 1, petrification resistance
a: no special abilities


You were on level 2 of the Dungeon.
You visited 1 branch of the dungeon, and saw 2 of its levels.

You collected 40 gold pieces.


Innate Abilities, Weirdness & Mutations

You are immune to sickness and miasma.
Your stone body is resilient. (AC +3)
You are immune to poison.
You resist negative energy. (rN+)
You are resistant to electric shocks. (rElec)
You are resistant to unholy torment.
You are immune to petrification.


   Skills:
 - Level 3.1 Fighting
 + Level 5.2 Ranged Weapons
 - Level 1.5 Dodging
 - Level 1.1 Stealth


You had 3 spell levels left.
You didn't know any spells.
Your spell library was empty.

Inventory:

Hand Weapons
 Y - a +0 shortbow (weapon)
Armour
 c - a +0 leather armour
 e - a +1 robe of willpower (worn)
Jewellery
 a - a ring of wizardry
 b - an amulet of the acrobat
 f - an amulet of regeneration (around neck)
Scrolls
 g - a scroll of poison {unknown}
Potions
 d - a potion of haste {unknown}
 h - a potion of curing {unknown}
 i - a potion of lignification {unknown}
 j - a potion of resistance {unknown}

Dungeon Overview and Level Annotations

Branches:
Dungeon (2/15)

Altars:


Message History

You shoot an arrow. The arrow barely misses the hobgoblin.
A gnoll comes into view. It is wielding a +0 whip.
The hobgoblin hits you but does no damage.
You shoot an arrow. The arrow closely misses the hobgoblin.
The hobgoblin hits you but does no damage.
The gnoll hits you with a +0 flail.
You shoot an arrow. The arrow hits the hobgoblin!
You kill the hobgoblin!
The gnoll closely misses you.
You shoot an arrow. The arrow barely misses the gnoll.
The gnoll hits you but does no damage.
You shoot an arrow. The arrow hits the gnoll.
The gnoll is moderately wounded.
The gnoll hits you with a +0 flail!
You shoot an arrow.
The arrow hits the gnoll but does no damage.
The gnoll is moderately wounded.
The gnoll hits you with a +0 flail. x2
You shoot an arrow. The arrow barely misses the gnoll.
The gnoll hits you but does no damage. The gnoll misses you.
You shoot an arrow. The arrow hits the gnoll.
The gnoll is moderately wounded.
The gnoll hits you but does no damage. The gnoll hits you with a +0 flail!
You shoot an arrow. The arrow barely misses the gnoll.
The gnoll barely misses you. The gnoll closely misses you.
You shoot an arrow.
The arrow hits the gnoll but does no damage.
The gnoll is moderately wounded.
The gnoll barely misses you. The gnoll hits you with a +0 flail.
You shoot an arrow. The arrow closely misses the gnoll.
The gnoll barely misses you. The gnoll hits you but does no damage.
You shoot an arrow. The arrow hits the gnoll!
The gnoll is severely wounded.
The gnoll hits you but does no damage. x2
You shoot an arrow.
The arrow hits the gnoll but does no damage.
The gnoll is severely wounded.
The gnoll completely misses you. The gnoll hits you with a +0 flail.
The gnoll hits you with a +0 whip!
You die... 77.7 7..%%..77 #.# 77.77 77.77.7.7 #.# ..77 77.777777 #.# 777 777.77 #.# 7 777..77 ##.# 7 777..777 ##..# 777..777 ##..## ...777 ###.>## 7777

#..@##
#....gg..#
%...........#
........#....#
.##....#.#.)..#
..$..# # #.)..
#....# . #)[.
....# #. #..


You could see 2 gnolls.

Vanquished Creatures
  2 gnolls (D:2)
  An adder (D:2)
  A dart slug (D:2)
  6 endoplasms
  2 giant cockroaches
  2 goblins
  5 hobgoblins
  3 jackals (D:2)
  A quokka (D:2)
  A ball python (D:2)
  A bat (D:2)
  5 frilled lizards
  4 kobolds
  3 rats
37 creatures vanquished.

Notes
Turn   | Place    | Note
-------+----------+-------------------------------------------
     0 | D:1      | qw the Gargoyle Hunter began the quest for the Orb.
     0 | D:1      | Reached XP level 1. HP: 12/12 MP: 1/1
     0 | D:1      | 0 ||| qw: Version: 0.3-a-76-g4403597
     0 | D:1      | 0 ||| qw: Game counter: 728
     0 | D:1      | 0 ||| qw: Melee chars always use a shield: true
     0 | D:1      | 0 ||| qw: God list: Okawaru
     0 | D:1      | 0 ||| qw: Allow faded altars: false
     0 | D:1      | 0 ||| qw: Do Orc after clearing Dungeon:15 true
     0 | D:1      | 0 ||| qw: Do second Lair branch before Depths: true
     0 | D:1      | 0 ||| qw: Lair rune preference: random
     0 | D:1      | 0 ||| qw: Goals: Normal
     0 | D:1      | 0 ||| PLANNING D:1-11
   259 | D:1      | Reached XP level 2. HP: 17/17 MP: 2/2
   504 | D:1      | Found a faded altar of an unknown god.
   664 | D:1      | 664 ||| UPGRADING to +1 robe of willpower.
   674 | D:1      | 674 ||| UPGRADING to amulet of regeneration.
   679 | D:1      | 679 ||| READING scroll labelled MIKEETOGUPT.
   680 | D:1      | 680 ||| READING scroll labelled TERGHI AXIMIECK.
   681 | D:1      | 681 ||| DROPPING scroll of butterflies.
   766 | D:2      | Reached skill level 5 in Ranged Weapons
   766 | D:2      | Reached XP level 3. HP: 19/21 MP: 3/3
  1202 | D:2      | Reached skill level 3 in Fighting
  1205 | D:2      | Reached XP level 4. HP: 28/28 MP: 4/4
  1216 | D:2      | HP: 6/28 [gnoll/+0 flail (10)]
  1221 | D:2      | HP: 1/28 [gnoll/+0 flail (6)]
  1221 | D:2      | Mangled by a gnoll

Levels and vault maps discovered:
D:1:      lemuel_arrival_lava_pool, layout_loops_ring,
          dreamdust_ecumenical_altar_grove, minmay_misc_feat_plants
D:2:      kb_forest_paths, layout_basic, serial_shops,
          nicolae_shop_competitors_out_of_business, nicolae_the_louvre

Skill      XL: |  1  2  3 |
---------------+----------+-----
Ranged Weapons | 5 |  5.2
Fighting       | 3 |  3.1
Dodging        | |  1.5
Stealth        | |  1.1

Action                     |  1- 3 |  4- 6 || total
---------------------------+-------+-------++-------
   Fire: Shortbow          |    97 |    17 ||   114
    Use: Scroll            |     2 |       ||     2
 Armour: Robe              |    22 |    18 ||    40
         Leather armour    |     1 |       ||     1
  Dodge: Dodged            |    26 |     8 ||    34

Table legend:
 A = Non-vault XP
 B = Vault XP
 C = Vault XP percentage of total XP
 D = Non-vault monster count
 E = Vault monster count
 F = Vault count percentage of total count
                 A         B        C        D         E       F
            +---------+---------+-------+---------+---------+-------
      Total |      85 |      12 |  12.4 |      31 |       6 |  16.2
            +---------+---------+-------+---------+---------+-------
        D:1 |      23 |       0 |   0.0 |      15 |       0 |   0.0
        D:2 |      62 |      12 |  16.2 |      16 |       6 |  27.3
            +---------+---------+-------+---------+---------+-------
